 Dungeon Crawl Stone Soup version 0.29.1-2-gbd0b4ee654 (webtiles) character file.

Game seed: 10356089445973866055

73 LustLizard the Shooter (level 4, -1/26 HPs)
             Began as a Deep Elf Hunter on Nov 9, 2022.
             Slain by an orc wizard
             ... wielding a +0 dagger
              (2 damage)
             ... on level 3 of the Dungeon.
             The game lasted 00:04:29 (1887 turns).

LustLizard the Shooter (Deep Elf Hunter)            Turns: 1887, Time: 00:04:29

Health: -1/26      AC:  4    Str:  8    XL:     4   Next: 8%
Magic:  6/6        EV: 13    Int: 14    God:
Gold:   114        SH:  0    Dex: 20    Spells: 3/3 levels left

rFire   . . .      SeeInvis .   a - +1 shortbow
rCold   . . .      Faith    .   (shield currently unavailable)
rNeg    . . .      Spirit   .   c - +0 leather armour
rPois   .          Reflect  .   (no helmet)
rElec   .          Harm     .   (no cloak)
rCorr   .          Rampage  .   p - +0 pair of gloves
Will    .....                   (no boots)
Stlth   +.........              (no amulet)
HPRegen 0.08/turn               (no ring)
MPRegen 0.10/turn               (no ring)

@: confused
A: no striking features
a: no special abilities


You were on level 3 of the Dungeon.
You visited 1 branch of the dungeon, and saw 3 of its levels.

You collected 114 gold pieces.

Inventory:

Hand Weapons
 a - a +1 shortbow (weapon)
Armour
 c - a +0 leather armour (worn)
 p - a +0 pair of gloves (worn)
Wands
 r - a wand of flame (21)
Scrolls
 b - a scroll of immolation
 d - a scroll of noise {unknown}
 e - a scroll of enchant weapon
 f - a scroll of magic mapping {unknown}
 g - a scroll of vulnerability {unknown}
 h - a scroll of teleportation {unknown}
 m - a scroll of fog {unknown}
 n - a scroll of blinking {unknown}
 t - a scroll of fear {unknown}
Potions
 i - a potion of ambrosia {unknown}
 k - a potion of lignification {unknown}
 l - 3 potions of heal wounds {unknown}
 o - a potion of might {unknown}
 q - a potion of curing {unknown}
 s - a potion of resistance {unknown}


   Skills:
 + Level 2.1 Fighting
 * Level 6.3 Ranged Weapons
 + Level 3.1 Dodging
 + Level 2.3 Stealth


You had 3 spell levels left.
You didn't know any spells.
Your spell library contained the following spells:

 Spells                   Type           Power      Damage    Failure   Level
 Borgnjor's Revivificati  Necr           0%         N/A       100%        8
 Necromutation            Tmut/Necr      0%         N/A       100%        8
 Death's Door             Necr           0%         N/A       100%        9


Dungeon Overview and Level Annotations

Branches:
Dungeon (3/15)

Altars:


Message History

The orc wizard is almost dead.
The orc wizard hits you with a +0 dagger.
The orc wizard attacks as you move away!
The orc wizard hits you with a +0 dagger.
The orc wizard misses you.
The orc wizard attacks as you move away!
The orc wizard hits you but does no damage.
The orc wizard hits you with a +0 dagger.
The orc wizard points at you and mumbles some strange words.
The magic dart hits you.
* * * LOW HITPOINT WARNING * * *
You clumsily bash the orc wizard but do no damage.
You feel less confused. The orc wizard casts a spell at you.
You are confused.
The orc wizard casts a spell at you. The magic dart hits you.
* * * LOW HITPOINT WARNING * * *
The orc wizard misses you.
You bump into the rock wall.
The orc wizard gestures wildly while chanting.
The orc wizard flickers and vanishes!
Deactivating autopickup; reactivate with Ctrl-A.
The orc wizard barely misses you. The orc attacks as you move away!
The orc hits you but does no damage.
You clumsily bash the orc but do no damage.
The orc wizard hits you but does no damage.
The orc hits you with a +0 club.
* * * LOW HITPOINT WARNING * * *
You bump into the rock wall.
You feel less confused. The orc wizard casts a spell at you.
You are confused.
The orc hits you with a +0 club.
* * * LOW HITPOINT WARNING * * *
Non-targeted confused fire: a) +1 shortbow
Press: ? - help, Q - select action, (/) - cycle Dir - look around, f - activate You shoot an arrow.
The orc wizard hits you with a +0 dagger.
You die...

#.#.##.##########
#...##..).......#
#<#.##.########.#
#######.##.# #.#
#....g..##.# #.#
#.########.# #.#
####.########.# #.#
.....#........########.#
...).#.#......oo@....).#
...).#.#.###############
.....#.#.##............#
....##.#.##.##########.#
....##...............#.#
....####.##...######.#.#
....# #.##............#
'#### #.##.#.#.####)†.#
.# #.##.#.######...#


You could see an orc wizard and an orc.

Vanquished Creatures
  A gnoll (D:1)
  2 worms
  2 dart slugs
  2 orcs (D:3)
  3 bats
  2 endoplasms (D:1)
  3 giant cockroaches
  5 goblins
  5 hobgoblins
  2 quokkas
  4 ball pythons
  8 frilled lizards
  3 kobolds
  8 rats
50 creatures vanquished.

Vanquished Creatures (collateral kills)
  An orc (D:3)
  A kobold (D:3)
2 creatures vanquished.

Grand Total: 52 creatures vanquished

Notes
Turn   | Place    | Note
-------+----------+-------------------------------------------
     0 | D:1      | LustLizard the Deep Elf Hunter began the quest for the Orb.
     0 | D:1      | Reached XP level 1. HP: 12/12 MP: 3/3
    78 | D:1      | Reached XP level 2. HP: 17/17 MP: 4/4
   428 | D:1      | Reached XP level 3. HP: 21/21 MP: 5/5
   648 | D:2      | Reached skill level 6 in Ranged Weapons
  1025 | D:2      | Found a faded altar of an unknown god.
  1642 | D:3      | Reached XP level 4. HP: 9/26 MP: 6/6
  1884 | D:3      | HP: 1/26 [orc/+0 club (2)]
  1887 | D:3      | Slain by an orc wizard

Illustrated notes

Levels and vault maps discovered:
D:1:      dpeg_arrival_long_road, layout_basic, hex_medium
D:2:      layout_loops_cross, hellmonk_ecumenical_altar_run_dry,
          grunt_ministairs_2
D:3:      layout_basic

Skill      XL: |  1  2  3 |
---------------+----------+-----
Stealth        | 2 |  2.3
Fighting       | 2 |  2.1
Ranged Weapons | 6 |  6.3
Dodging        | 3 |  3.1

Action                   |  1- 3 |  4- 6 || total
-------------------------+-------+-------++-------
Melee: Shortbow          |       |     3 ||     3
 Fire: Shortbow          |   118 |    18 ||   136
  Use: Scroll            |     2 |     1 ||     3
Armor: Leather armour    |     9 |     5 ||    14
Dodge: Dodged            |    24 |     5 ||    29
